AoeStats
← Michi3052

Golden Pit

508955472Analyzed
1v1 RM · 7d ago on Sep 24, 2026· 29m 31s· 2 players
Game mode
Random Map
Map size
Tiny (2 player)
Population
200
Speed
Normal
Resources
Standard
Victory
Conquest
Starting age
Dark Age
Ending age
Imperial Age
RankedLock teamsTeams togetherTeam positionsShared explorationLock speedFull tech treeHidden civsTurbo modeCheats
Victory
Defeat
🇵🇱 Khmer · Poland
727
+16
🇪🇸 Turks · Spain
727
-16
Michi3052
12:26 Feudal Age
13:16 Double-Bit Axe
14:08 Loom
19:44 Castle Age
22:03 Horse Collar
22:16 Gold Mining
25:17 Heavy Plow
waxmund
10:46 Feudal Age
10:54 Feudal Age
15:29 Castle Age
13:36 Double-Bit Axe
14:16 Horse Collar
14:43 Loom
22:35 Pikeman
25:58 Wheelbarrow
Connection lost

Rejoining the realm…

Still unreachable

The connection could not be restored.

Session expired

The server has moved on; the page needs a fresh start.